 Dungeon Sprint DCSS version 0.21.1-1-g345015f (webtiles) character file.

894 Fang the Fighter (level 8, -1/90 HPs)
             Began as a Gargoyle Berserker on July 10, 2018.
             Was a High Priest of Trog.
             Killed by divine providence
             ... invoked by a smoke demon
              (14 damage)
             ... in the Dungeon (Sprint VII: "The Pits").
             The game lasted 00:02:00 (1297 turns).

Fang the Fighter (Gargoyle Berserker)               Turns: 1297, Time: 00:02:00

Health: -1/90      AC:  8    Str: 27    XL:     8   Next: 6%
Magic:  8/8        EV: 14    Int:  9    God:    Trog [*****.]
Gold:   0          SH:  0    Dex:  9    Spells: 7/7 levels left

rFire    . . .     SeeInvis .   n - +0 hand axe (freeze)
rCold    . . .     Gourm    .   (no shield)
rNeg     + . .     Faith    .   b - +0 animal skin
rPois    ∞         Spirit   .   (no helmet)
rElec    +         Reflect  .   (no cloak)
rCorr    .         Harm     .   (no gloves)
MR       .....     NoTele   +   (no boots)
Stlth    ..........             (no amulet)
HPRegen  0.25/turn              (no ring)
MPRegen  0.11/turn              (no ring)

@: berserking (expiring), liquid flames, glowing, very quick
A: negative energy resistance 1, electricity resistance, unbreathing,
petrification resistance, rot immunity, AC +5
a: Berserk, Trog's Hand, Brothers in Arms, Burn Spellbooks, Renounce Religion


You were in the Dungeon.
You worshipped Trog.
Trog was extremely pleased with you.
You were not hungry.

You visited 1 branch

Inventory:

Hand Weapons
 j - a +2 hand axe
 n - a +0 hand axe of freezing (weapon)
Armour
 b - a +0 animal skin (worn)
Scrolls
 i - a scroll of blinking
 k - 3 scrolls of remove curse
 l - a scroll of summoning
Potions
 a - 2 potions of invisibility
 d - 6 potions of curing
 e - 6 potions of heal wounds
 f - a potion of haste
 g - 4 potions of magic
 h - 3 potions of berserk rage
Comestibles
 c - 8 rations


   Skills:
 + Level 11.5 Fighting
 + Level 10.0 Axes
 + Level 6.0 Armour
 + Level 6.2 Dodging


You had 7 spell levels left.
You didn't know any spells.

Dungeon Overview and Level Annotations

Branches:
Dungeon (1/1)

Altars:
Cheibriados
Dithmenos
Elyvilon
Fedhas
Gozag
Hepliaklqana
Makhleb
Nemelex Xobeh
Okawaru
Qazlal
Ru
Sif Muna
Trog
Vehumet
Wu Jian
Xom
Yredelemnul
Zin
The Shining One
Beogh
Jiyva
Lugonu


Innate Abilities, Weirdness & Mutations

You are resistant to torment.
Your stone body is resilient. (AC +5)
You are immune to poison.
You resist negative energy. (rN+)
You are resistant to electric shocks. (rElec)
You can survive without breathing.
You are immune to petrification.
You are immune to rotting.


Message History

You hit the ice devil but do no damage. You hit the smoke demon.
You freeze the smoke demon.
You are covered in liquid flames!
Unknown command.
You slash the iron imp!
You kill the iron imp!
Trog accepts your kill.
Your Axes skill increases to level 10!
You hit the ice devil but do no damage. You slash the smoke demon!
You freeze the smoke demon.
You are covered in liquid flames!
The smoke demon closely misses you. x2
The smoke demon hits you but does no damage.
The ice devil hits you! The ice devil freezes you!!
* * * LOW HITPOINT WARNING * * *
You are covered in liquid flames!
* * * LOW HITPOINT WARNING * * *
The smoke demon gestures at you. Something smites you!
You die...

#.####'##'###...<...#
#.#........##.......#
#.#..†.....##.......#
#)###########.......#
#)).....#..##########
#..###..#.######
#.......#†#....#
##.###.##†#3...#
#.......#.§@...+
#..###..#§#4...#
#.......'.#....#
################


You could see an ice devil and a smoke demon.

Vanquished Creatures
  A manticore (D)
  A water moccasin (D)
  A floating eye (D)
  An orc warrior (D)
  A bullfrog (D)
  An iron imp (D)
  3 ufetubi (D)
  A leopard gecko (D)
  2 orcs (D)
  2 goblins (D)
  A hobgoblin (D)
  3 jackals (D)
  A kobold (D)
  A quokka (D)
  A rat (D)
21 creatures vanquished.

Vanquished Creatures (collateral kills)
  Grinder (D)
  3 orcs (D)
  A ball python (D)
5 creatures vanquished.

Grand Total: 26 creatures vanquished

Notes
Turn   | Place    | Note
-------+----------+-------------------------------------------
     0 | D        | Fang the Gargoyle Berserker began the quest for the Orb.
     0 | D        | Reached XP level 1. HP: 14/14 MP: 1/1
   124 | D        | Found a bloodstained altar of Trog.
   124 | D        | Found a deep blue altar of Sif Muna.
   124 | D        | Found a viscous altar of Jiyva.
   124 | D        | Found a hazy altar of Hepliaklqana.
   124 | D        | Found an opulent altar of Gozag.
   125 | D        | Found a glowing golden altar of the Shining One.
   125 | D        | Found a glowing silver altar of Zin.
   125 | D        | Found a basalt altar of Yredelemnul.
   125 | D        | Found a shimmering altar of Xom.
   125 | D        | Found an ornate altar of the Wu Jian Council.
   125 | D        | Found a sacrificial altar of Ru.
   125 | D        | Found a stormy altar of Qazlal.
   125 | D        | Found an iron altar of Okawaru.
   125 | D        | Found a sparkling altar of Nemelex Xobeh.
   125 | D        | Found a burning altar of Makhleb.
   125 | D        | Found a blossoming altar of Fedhas.
   125 | D        | Found a white marble altar of Elyvilon.
   125 | D        | Found a shadowy altar of Dithmenos.
   125 | D        | Found a snail-covered altar of Cheibriados.
   127 | D        | Found a radiant altar of Vehumet.
   127 | D        | Found a corrupted altar of Lugonu.
   127 | D        | Found a roughly hewn altar of Beogh.
   179 | D        | Reached ** piety under Trog
   179 | D        | Reached skill level 4 in Fighting
   179 | D        | Reached XP level 2. HP: 11/20 MP: 2/2
   485 | D        | Noticed a floating eye
   487 | D        | Paralysed by a floating eye for 4 turns
   491 | D        | Reached *** piety under Trog
   492 | D        | Killed a floating eye
   492 | D        | Reached skill level 7 in Fighting
   492 | D        | Reached skill level 5 in Axes
   492 | D        | Reached XP level 3. HP: 28/28 MP: 3/3
   492 | D        | Reached XP level 4. HP: 34/34 MP: 4/4
   492 | D        | Reached XP level 5. HP: 38/38 MP: 5/5
   614 | D        | Noticed Grinder
   615 | D        | Noticed an orc warrior
   623 | D        | Reached **** piety under Trog
   623 | D        | Reached skill level 8 in Fighting
   633 | D        | Killed an orc warrior
   633 | D        | Reached skill level 9 in Fighting
   633 | D        | Reached XP level 6. HP: 19/46 MP: 6/6
   641 | D        | Killed Grinder
   641 | D        | Reached ***** piety under Trog
   641 | D        | Reached skill level 5 in Armour
   838 | D        | Noticed a water moccasin
   854 | D        | Killed a water moccasin
   854 | D        | Reached skill level 10 in Fighting
   854 | D        | Reached skill level 5 in Dodging
   854 | D        | Reached XP level 7. HP: 31/53 MP: 7/7
  1135 | D        | Noticed a manticore
  1142 | D        | Killed a manticore
  1142 | D        | Reached skill level 11 in Fighting
  1142 | D        | Reached XP level 8. HP: 48/60 MP: 8/8
  1289 | D        | Noticed a smoke demon
  1289 | D        | Noticed an ice devil
  1296 | D        | Reached skill level 10 in Axes
  1297 | D        | Killed from afar by a smoke demon

Skill      XL: |  1  2  3  4  5  6  7  8 |
---------------+-------------------------+-----
Axes           | 3 5 7 8 9 10 | 10.0
Fighting       | 4 7 9 10 11 | 11.5
Dodging        | 3 4 5 6 |  6.2
Armour         | 3 4 5 6 |  6.0

Action                   |  1- 3 |  4- 6 |  7- 9 || total
-------------------------+-------+-------+-------++-------
Melee: Hand axe          |    17 |    34 |    18 ||    69
Invok: Berserk           |     2 |     2 |     2 ||     6
       Brothers in Arms  |       |     1 |       ||     1
  Eat: Chunk             |       |     3 |       ||     3
       Ration            |       |       |     1 ||     1
Armor: Animal skin       |    16 |     8 |     6 ||    30
Dodge: Dodged            |    28 |    24 |     9 ||    61
